 Dungeon Crawl Stone Soup version 0.30-a0-782-ge64f9170bb (webtiles) character file.

Game seed: 9961907547266878530

185 DeathSun the Cudgeller (level 5, -1/33 HPs)
             Began as a Gargoyle Fighter on Feb 23, 2023.
             Slain by an orc
             ... wielding a +0 hand axe
              (3 damage)
             ... on level 3 of the Dungeon.
             The game lasted 00:02:33 (2224 turns).

DeathSun the Cudgeller (Gargoyle Fighter)           Turns: 2224, Time: 00:02:33

Health: -1/33      AC: 14    Str: 22    XL:     5   Next: 64%
Magic:  5/5        EV:  9    Int:  8    God:
Gold:   178        SH:  4    Dex:  9    Spells: 4/4 levels left

rFire   . . .      SeeInvis .    a - +0 flail
rCold   . . .      Faith    .    c - +0 buckler
rNeg    + . .      Spirit   .    b - +0 scale mail
rPois   ∞          Reflect  .    (no helmet)
rElec   +          Harm     .    (no cloak)
rCorr   .          Rampage  .    (no gloves)
Will    .....                    m - +2 pair of boots Stlth
                                 (no amulet)
HPRegen 0.25/turn                (no ring)
MPRegen 0.09/turn                (no ring)

@: no status effects
A: sickness immunity, AC +4, negative energy resistance 1, electricity
resistance, torment resistance 1, petrification resistance
a: no special abilities


You were on level 3 of the Dungeon.
You visited 1 branch of the dungeon, and saw 3 of its levels.

You collected 178 gold pieces.

Inventory:

Hand Weapons
 a - a +0 flail (weapon)
Missiles
 t - 3 silver javelins (quivered)
Armour
 b - a +0 scale mail (worn)
 c - a +0 buckler (worn)
 m - a +2 pair of boots (worn)
Jewellery
 i - a ring of resist corrosion
 j - a +6 ring of intelligence
 u - an amulet of faith
Wands
 p - a wand of flame (8)
Scrolls
 f - a scroll of vulnerability {unknown}
 g - a scroll of enchant armour {unknown}
 h - a scroll of immolation {unknown}
 k - a scroll of brand weapon {unknown}
 l - a scroll of magic mapping {unknown}
 s - a scroll of acquirement {unknown}
 v - a scroll of poison {unknown}
Potions
 d - a potion of might
 e - 3 potions of brilliance {unknown}
 n - a potion of cancellation {unknown}
 o - 2 potions of attraction {unknown}
 q - 5 potions of curing {unknown}
 r - a potion of lignification {unknown}
 w - a potion of resistance {unknown}


   Skills:
 - Level 4.0 Fighting
 * Level 5.3 Maces & Flails
 - Level 3.2 Armour
 - Level 3.2 Shields


You had 4 spell levels left.
You didn't know any spells.
Your spell library contained the following spells:

 Spells                   Type           Power      Damage    Failure   Level
 Blink                    Tloc           0%         N/A       92%         2
 Static Discharge         Conj/Air       0%         2-2/arc   92%         2
 Vhi's Electric Charge    Tloc/Air       0%         N/A       99%         3
 Manifold Assault         Tloc           0%         N/A       100%        4
 Arcjolt                  Conj/Air       0%         1d10      100%        5
 Lightning Bolt           Conj/Air       0%         1d11      100%        5
 Storm Form               Tmut/Air       0%         N/A       100%        7


Dungeon Overview and Level Annotations

Branches:
Dungeon (3/15)

Altars:
Elyvilon

Shops:
D:3 [


Innate Abilities, Weirdness & Mutations

You are immune to sickness and miasma.
Your stone body is resilient. (AC +4)
You are immune to poison.
You resist negative energy. (rN+)
You are resistant to electric shocks. (rElec)
You are resistant to unholy torment.
You are immune to petrification.


Message History

The frilled lizard hisses angrily.
The orc shouts!
You closely miss the orc priest. The orc priest barely misses you.
You hit the orc priest.
The orc priest is moderately wounded.
You hit the orc.
You kill the orc!
You hit the orc priest.
The orc priest is moderately wounded.
You block the orc's attack.
The orc priest hits you but does no damage.
The orc barely misses you.
You barely miss the orc priest.
The orc priest is moderately wounded.
The orc barely misses you. The orc closely misses you.
The orc priest hits you but does no damage.
You hit the orc priest but do no damage.
The orc priest is moderately wounded.
The orc hits you with a +0 mace. The orc hits you but does no damage.
The orc priest hits you but does no damage.
You closely miss the orc priest.
The orc priest is moderately wounded.
The orc hits you with a +0 mace. The orc hits you but does no damage.
The orc priest hits you with a +0 club.
You barely miss the orc priest.
The orc priest is moderately wounded.
You block the orc's attack. The orc barely misses you.
The orc priest mumbles some strange prayers to Beogh against you.
Pain shoots through your body!
You are too injured to fight recklessly!
You are too injured to fight recklessly!
You sock the orc priest!
The orc priest is almost dead.
The orc hits you but does no damage. x2
The orc priest hits you but does no damage.
The orc hits you but does no damage.
The orc priest mumbles some strange prayers to Beogh against you.
Beogh smites you!
* * * LOW HITPOINT WARNING * * *
The orc hits you with a +0 hand axe.
You die...

....#######
#......#..#....#
....#
#...##..##..##..
....#
#|..##..##.)##.#
....#
#......#..#....#
..###
##....#.†..#.).# #.#
##...#..##..#... #.#
####...#)).##...#.#
#.#
##oo...#.)).......#.
#.#
#lo@...####..###.###
#.# ......#....#
##)....... ..# .....
#8...# #........
..###.# .....##....#
#........ ......#
.....8.∩.8.#
#........ ..#####
...#.##<####
####..### ....# ....
#8# #'## .##.## ....
#.. ≈.≈ .##..# ....
#.( ≈...


You could see an orc priest, 2 orcs and a frilled lizard.

Vanquished Creatures
  2 orc priests (D:3)
  Jessica (D:2)
  4 adders
  2 worms (D:2)
  4 orcs (D:3)
  5 ball pythons
  4 bats
  4 endoplasms (D:1)
  5 goblins
  6 hobgoblins
  3 jackals (D:1)
  5 kobolds
  2 quokkas
  3 frilled lizards
  5 rats
55 creatures vanquished.

Notes
Turn   | Place    | Note
-------+----------+-------------------------------------------
     0 | D:1      | DeathSun the Gargoyle Fighter began the quest for the Orb.
     0 | D:1      | Reached XP level 1. HP: 14/14 MP: 1/1
   103 | D:1      | Reached XP level 2. HP: 19/19 MP: 2/2
   292 | D:1      | Reached skill level 3 in Maces & Flails
   296 | D:1      | Reached XP level 3. HP: 24/24 MP: 3/3
  1234 | D:2      | Noticed Jessica
  1252 | D:2      | Killed Jessica
  1253 | D:2      | Reached XP level 4. HP: 22/29 MP: 4/4
  1453 | D:2      | Reached skill level 4 in Maces & Flails
  1582 | D:2      | Identified the +8 hand axe of Beogh's Fury {freeze, *Rage
                  | Int+6}
  2054 | D:3      | Found a white marble altar of Elyvilon.
  2115 | D:3      | Reached XP level 5. HP: 33/33 MP: 5/5
  2117 | D:3      | Found Turoppob's Armour Shoppe.
  2126 | D:3      | Reached skill level 5 in Maces & Flails
  2224 | D:3      | Slain by an orc

Illustrated notes

Levels and vault maps discovered:
D:1:      dpeg_arrival_circle_labyrinth_b, layout_basic, minmay_vboxes
D:2:      layout_basic, uniq_jessica
D:3:      layout_basic, nicolae_elyvilon_peaceful_grove, serial_shops,
          nicolae_shop_statue_plus, minivault_27, minivault_26,
          kennysheep_small_spiral, uniq_crazy_yiuf_cottage

Skill      XL: |  1  2  3  4  5 |
---------------+----------------+-----
Maces & Flails | 3 4 5 |  5.3
Fighting       | 4 |  4.0
Armour         | |  3.2
Shields        | |  3.2

Action                     |  1- 3 |  4- 6 || total
---------------------------+-------+-------++-------
  Melee: Flail             |    82 |   101 ||   183
  Throw: Javelin           |       |     2 ||     2
 Armour: Scale mail        |    46 |    59 ||   105
  Dodge: Dodged            |    38 |    43 ||    81
  Block: Buckler           |    16 |    22 ||    38

Table legend: (Time is in decaauts)
 A = Elapsed time spent in this place.
 B = Non-inter-level travel time spent in this place.
 C = Inter-level travel time spent in this place.
 D = Time resting spent in this place.
 E = Time spent auto-exploring this place.
 F = Levels seen in this place.
 G = Mean time per level.
                   A        B        C        D        E       F      G
               +--------+--------+--------+--------+--------+-----+--------+
         Total |   2278 |   2161 |    117 |      0 |   1734 |   3 |  759.3 |
       Dungeon |   2278 |   2161 |    117 |      0 |   1734 |   3 |  759.3 |
               +--------+--------+--------+--------+--------+-----+--------+

Top non-repeatable levels by time:
     D:1: 1051 daAuts
     D:2: 979 daAuts
     D:3: 247 daAuts
